 Dungeon Crawl Stone Soup version 0.17.1-2-g5865329 (webtiles) character file.

2480 Eucla the Fighter (level 9, -1/121 HPs)
             Began as a Minotaur Monk on Mar 14, 2016.
             Was an Elder of Okawaru.
             Succumbed to a killer bee's poison
             ... on level 7 of the Dungeon.
             The game lasted 00:12:06 (7166 turns).

Eucla the Fighter (Minotaur Monk)                   Turns: 7166, Time: 00:12:06

Health: -1/121     AC: 24    Str: 15    XL:     9   Next: 27%
Magic:  8/8        EV:  2    Int:  7    God:    Okawaru [****..]
Gold:   504        SH:  0    Dex: 20    Spells: 0 memorised, 8 levels left

rFire  . . .     SeeInvis .     m - +0 quarterstaff
rCold  . . .     Rnd*Rage +     (armour currently unavailable)
rNeg   + + +     SustAt   +     (shield currently unavailable)
rPois  +         Gourm    .     (helmet currently unavailable)
rElec  .         Spirit   .     (cloak currently unavailable)
rCorr  .         Warding  .     (gloves currently unavailable)
rMut   .         NoTele   +     (boots currently unavailable)
MR     .....                    (no amulet)
Stlth  ++++......               (no ring)
                                g - ring of sustain attributes

@: agile, lethally poisoned (-1 -> -17), tree-form, not resistant to hostile
enchantments, stealthy
A: (retaliatory headbutt), (horns 0), berserk 1, spit poison 1, weak 1
a: Spit Poison, Heroism, Renounce Religion


You were on level 7 of the Dungeon.
You worshipped Okawaru.
Okawaru was greatly pleased with you.
You were not hungry.
You were a tree.
You visited 1 branch of the dungeon, and saw 7 of its levels.
You also visited: Sewer.

You collected 504 gold pieces.

Inventory:

Hand Weapons
 m - a +0 quarterstaff (weapon)
 s - a +0 blowgun
Missiles
 t - 5 curare-tipped needles
Armour
 a - a +0 robe
 q - a +0 ring mail (melded)
 v - a +0 cloak (melded)
 x - a +2 animal skin
 H - a troll hide {Purgy}
Magical Staves
 G - an uncursed staff of cold
Jewellery
 g - a ring of sustain attributes (left branch)
 o - a cursed ring of teleportation {unknown}
Wands
 A - a wand of disintegration (7)
 L - a wand of magic darts (20)
 M - a wand of confusion (28)
Scrolls
 d - 7 scrolls of identify {unknown}
 i - 3 scrolls of remove curse {unknown}
 l - a scroll of enchant armour {unknown}
 p - a scroll of recharging {unknown}
 r - 2 scrolls of magic mapping {unknown}
 y - a scroll of noise {unknown}
 B - 2 scrolls of random uselessness {unknown}
 D - 3 scrolls of teleportation {unknown}
 I - 2 scrolls of enchant weapon {unknown}
 J - 3 scrolls of fear {unknown}
Potions
 e - a potion of lignification
 f - 2 potions of haste
 h - 2 potions of agility
 j - a potion of resistance
 k - 3 potions of brilliance
 z - 2 potions of flight
 E - a potion of mutation
 F - a potion of degeneration {unknown}
Books
 u - a Young Poisoner's Handbook

   Spells                             Type                      Level
   a - Sting                          Conjuration/Poison           1
   b - Cure Poison                    Poison                       2
   c - Mephitic Cloud                 Conjuration/Poison/Air       3
   d - Olgreb's Toxic Radiance        Poison                       4
   e - Venom Bolt                     Conjuration/Poison           5
 w - a book of Ice

   Spells                             Type                      Level
   a - Ice Form                       Ice/Transmutation            4
   b - Metabolic Englaciation         Hexes/Ice                    5
   c - Ozocubu's Refrigeration        Ice                          6
   d - Bolt of Cold                   Conjuration/Ice              6
   e - Freezing Cloud                 Conjuration/Ice/Air          6
   f - Simulacrum                     Ice/Necromancy               6
Comestibles
 b - 4 bread rations
 n - a meat ration
 C - a royal jelly


   Skills:
 + Level 8.2 Fighting
 * Level 7.4 Staves
 + Level 7.5 Armour
 + Level 7.5 Dodging
 - Level 1.5 Stealth
 - Level 4.3 Unarmed Combat


You had 8 spell levels left.
You didn't know any spells.

Dungeon Overview and Level Annotations

Branches:
Dungeon (7/15)
 Temple: D:4-7

Altars:
Elyvilon
Kikubaaqudgha
Okawaru


Innate Abilities, Weirdness & Mutations

((You reflexively headbutt those who attack you in melee.))
((You have a pair of horns on your head.))
You tend to lose your temper in combat.
You can spit weak poison.
You are weak. (Str -2)


Message History

You feel sick.
The killer bee stings you but does no damage. x2
Unknown command.
You hit the killer bee.
The killer bee is moderately wounded.
* * * LOW HITPOINT WARNING * * *
You feel sick.
The killer bee stings you but does no damage. x2
Unknown command.
You miss the killer bee.
The killer bee is moderately wounded.
* * * LOW HITPOINT WARNING * * *
You feel sick. The killer bee stings you.
* * * LOW HITPOINT WARNING * * *
You are more poisoned.
The killer bee poisons you!
The killer bee stings you but does no damage.
You hit the killer bee.
The killer bee is heavily wounded.
You die...

###################
#.........#........
#.........#........
#.........#........
#.........yy.......
##.......♣#........
##.......##.y....##
#........##......#
#........#...y.....
#........#.........
#........#.........
##.......##........
######+##.......##........
........†.......#


You could see 2 killer bees.

Vanquished Creatures
  A hill giant (D:6)
  A hippogriff (D:7)
  Purgy (Sewer)
  A sky beast (D:6)
  A phantom (D:5)
  An ogre (D:5)
  A giant frog (D:6)
  A centaur (D:6)
  2 big kobolds (D:3)
  8 killer bees
  2 crimson imps
  An orc priest (D:7)
  A giant frog zombie (D:6)
  Ijyb (D:3)
  2 giant frog skeletons (D:4)
  2 hounds
  3 jellies
  3 orc wizards
  3 worker ants
  A hound skeleton (D:4)
  A worker ant zombie (D:6)
  Robin (D:4)
  8 gnolls (D:3)
  8 adders
  2 oozes (D:1)
  2 worms
  9 giant geckos
  19 orcs
  2 ball pythons (D:2)
  4 giant cockroaches
  48 goblins
  32 hobgoblins
  3 jackals (D:1)
  17 kobolds
  A ball python skeleton (D:5)
  11 bats
  8 giant newts
  4 quokkas
  6 rats
223 creatures vanquished.

Notes
Turn   | Place    | Note
--------------------------------------------------------------
     0 | D:1      | Eucla the Minotaur Monk began the quest for the Orb.
     0 | D:1      | Reached XP level 1. HP: 19/19 MP: 0/0
    66 | D:1      | Reached skill level 1 in Armour
    66 | D:1      | Reached XP level 2. HP: 17/27 MP: 1/1
   294 | D:1      | Reached XP level 3. HP: 31/33 MP: 2/2
  1019 | D:2      | Found a faded altar to an unknown god.
  1033 | D:2      | Became a worshipper of Warmaster Okawaru
  1033 | D:2      | Reached * piety under Okawaru
  1033 | D:2      | Reached ** piety under Okawaru
  1229 | D:2      | Reached XP level 4. HP: 36/41 MP: 3/3
  1557 | D:3      | Reached skill level 1 in Staves
  1637 | D:3      | Noticed Ijyb
  1649 | D:3      | Killed Ijyb
  1649 | D:3      | Reached *** piety under Okawaru
  1649 | D:3      | Reached XP level 5. HP: 21/47 MP: 4/4
  2350 | D:3      | Reached skill level 5 in Fighting
  2571 | D:3      | Noticed a big kobold
  2572 | D:3      | Noticed a big kobold
  2604 | D:3      | Killed a big kobold
  2604 | D:3      | Reached XP level 6. HP: 14/56 MP: 5/5
  2614 | D:3      | Killed a big kobold
  2614 | D:3      | Reached skill level 5 in Dodging
  4003 | D:4      | Noticed Robin
  4020 | D:4      | Killed Robin
  4020 | D:4      | Reached XP level 7. HP: 25/62 MP: 6/6
  4504 | D:4      | Reached skill level 6 in Fighting
  4550 | D:4      | Reached skill level 5 in Armour
  4744 | D:5      | Entered Level 5 of the Dungeon
  4750 | D:5      | Found an iron altar of Okawaru.
  4859 | D:5      | Found a glowing drain.
  4884 | Sewer    | Entered a sewer
  4942 | Sewer    | Noticed Purgy
  4949 | Sewer    | Killed Purgy
  5228 | D:5      | Reached **** piety under Okawaru
  5232 | D:5      | Found a white marble altar of Elyvilon.
  5321 | D:5      | Reached XP level 8. HP: 64/71 MP: 7/7
  5558 | D:6      | Found an ancient bone altar of Kikubaaqudgha.
  5562 | D:6      | Reached skill level 7 in Fighting
  5579 | D:6      | Reached skill level 5 in Staves
  5978 | D:6      | Noticed a hill giant
  5994 | D:6      | Killed a hill giant
  6626 | D:6      | Gained mutation: You tend to lose your temper in combat. [potion of mutation]
  6626 | D:6      | Gained mutation: You are weak. (Str -2) [potion of mutation]
  6626 | D:6      | Gained mutation: You can spit weak poison. [potion of mutation]
  6638 | D:6      | Reached skill level 8 in Fighting
  6638 | D:6      | Reached XP level 9. HP: 32/81 MP: 6/8
  7162 | D:7      | HP: 6/121 [killer bee (6)]
  7165 | D:7      | HP: 1/121 [killer bee (2)]
  7166 | D:7      | Succumbed to a killer bee's poison

Action                   |  1- 3 |  4- 6 |  7- 9 || total
-------------------------+-------+-------+-------++-------
Melee: Unarmed           |    75 |       |       ||    75
       Quarterstaff      |     6 |   208 |   239 ||   453
       Staff             |       |       |    32 ||    32
Invok: Heroism           |       |     1 |     3 ||     4
 Abil: Spit Poison       |       |       |     1 ||     1
  Use: Potion            |       |     3 |    14 ||    17
 Stab: Sleeping          |     4 |     3 |     5 ||    12
  Eat: Chunk             |     1 |     6 |     3 ||    10
       Pizza             |       |     3 |     1 ||     4
       Meat ration       |       |       |     1 ||     1
       Beef jerky        |       |       |     1 ||     1
